 Dungeon Crawl Stone Soup version 0.31.0-32-g396128a36d (webtiles) character file.

Game seed: 12436693210090177221

1114 TacoSundae the Ruffian (level 8, 0/60 HPs)
             Began as a Gnoll Shapeshifter on Apr 14, 2024.
             Slain by a hound (3 damage)
             ... on level 5 of the Dungeon.
             The game lasted 00:08:31 (4073 turns).

TacoSundae the Ruffian (Gnoll Shapeshifter)         Turns: 4073, Time: 00:08:32

Health: 0/60       AC:  7    Str: 16    XL:     8   Next: 34%
Magic:  12/12      EV: 12    Int: 10    God:
Gold:   190        SH:  0    Dex: 11    Spells: 13/13 levels left

rFire   . . .        b - +0 spear (freeze)
rCold   . . .        (no shield)
rNeg    . . .        y - +2 ring mail {Will+}
rPois   .            (helmet currently unavailable)
rElec   .            (cloak currently unavailable)
rCorr   .            (gloves currently unavailable)
SInv    .            (boots currently unavailable)
Will    +....        (no amulet)
Stlth   +            f - ring of flight
HPRegen 0.30/turn    (no ring)
MPRegen 0.13/turn

%: no passive effects
@: beast-form, on berserk cooldown, flying, slowed, invisible, very slow
A: beast (slay +4), fangs 1, strong nose, distributed training
a: Begin Untransformation


You were on level 5 of the Dungeon.
You were a hulking beast.
You visited 1 branch of the dungeon, and saw 5 of its levels.

You collected 190 gold pieces.

Inventory:

Hand Weapons
 b - a +0 spear of freezing (weapon)
Missiles
 l - 4 poisoned darts (quivered)
 v - 3 javelins
Armour
 y - a +2 ring mail of willpower (worn)
 z - a +0 pair of boots
Jewellery
 f - a ring of flight (left hand)
 h - a ring of fire
Talismans
 c - a beast talisman
 d - a flux talisman
 o - a serpent talisman
Wands
 x - a wand of quicksilver (5)
Scrolls
 j - 2 scrolls of enchant armour
Potions
 a - 2 potions of mutation
 e - 2 potions of curing
 q - a potion of lignification
 A - 2 potions of brilliance {unknown}


   Skills:
 + Level 4.2 Fighting
 + Level 3.3 Short Blades
 + Level 3.3 Long Blades
 + Level 3.3 Axes
 + Level 3.3 Maces & Flails
 + Level 3.3 Polearms
 + Level 3.3 Staves
 + Level 3.3 Ranged Weapons
 + Level 3.3 Throwing
 + Level 3.3 Armour
 + Level 5.7 Dodging
 + Level 3.3 Stealth
 + Level 3.3 Shields
 + Level 7.4 Unarmed Combat
 + Level 3.3 Spellcasting
 + Level 2.7 Conjurations
 + Level 2.7 Hexes
 + Level 2.7 Summonings
 + Level 2.7 Necromancy
 + Level 2.7 Translocations
 + Level 2.7 Fire Magic
 + Level 2.7 Ice Magic
 + Level 2.7 Air Magic
 + Level 2.7 Earth Magic
 + Level 2.7 Alchemy
 + Level 3.6 Invocations
 + Level 3.3 Evocations
 + Level 7.2 Shapeshifting


You had 13 spell levels left.
You didn't know any spells.
Your spell library contained the following spells:

 Spells                   Type           Power      Damage    Failure   Level
 Sting                    Conj/Alch      28%        1d4       17%         1
 Mercury Vapours          Alch/Air       14%        N/A       26%         2
 Olgreb's Toxic Radiance  Alch           7%         N/A       86%         4


Dungeon Overview and Level Annotations

Branches:
Dungeon (5/15)
 Temple: D:4-7

Altars:

Shops:
D:3 [

Annotations:
D:4 1 transporter, Consumeair16's ghost, amateur GnWn


Innate Abilities, Weirdness & Mutations

You are a hulking beast.
Your limbs bulge with bestial killing power. (Slay +4)
You have very sharp teeth.
Your uncanny sense of smell can sniff out nearby items.
Your experience applies equally to all skills.


Message History

The ufetubus hits you but does no damage.
You puncture the black bear! You freeze the black bear.
You kill the black bear!
The ufetubus hits you but does no damage.
The ufetubus hits you.
* * * LOW HITPOINT WARNING * * *
You puncture the ufetubus! You freeze the ufetubus.
You kill the ufetubus!
The iguana bites you!
* * * LOW HITPOINT WARNING * * *
You puncture the phantom!
The phantom is moderately damaged.
You closely miss the phantom.
The phantom is moderately damaged.
The phantom hits you.
* * * LOW HITPOINT WARNING * * *
The phantom blinks!
You blink.
Found a scale mail.
You barely miss the phantom. You bite the phantom!
The phantom is heavily damaged.
You hit the phantom.
The phantom is severely damaged.
The phantom barely misses you.
You miss the phantom.
The phantom is severely damaged.
The phantom barely misses you.
You hit the phantom.
The phantom is almost destroyed.
You puncture the phantom!
You destroy the phantom!
You barely miss the hound.
You are no longer berserk.
You are exhausted.
You feel yourself slow down. The hound bites you but does no damage.
The gnoll hits you with a +0 club.
* * * LOW HITPOINT WARNING * * *
You fade into invisibility!
The hound bites you.
* * * LOW HITPOINT WARNING * * *
The hound bites you.
You die...

###.#***,#)#,,,,,,**,*,***,*,*,*
#...#*,,,#)##..,*,,*,*,,,,,,,,,*
....#*,,,#..##.*****,,,,*,**,***
....#,,,,#...#.#,,,,,*,,*,,*,*
....#,,,'#........#*,*,,*,,*,*
....#,**#....l...##*,*,,**,*,*
.##.#**#......o..#,*,,,,,,,*,*
.##......=.....g#+,*,,,*****,*
.##.####.......hh#,*,,,,,*,,,*
.#*.#,*##........#**,,**,*,****
...,*∆∆∆+#........**,***,,,,,,*
...,*,,,,#...#.#.[.,,***,,,,,,*
....**,,,#..*#.#####,,,,,,,,,,*
..,,**,,,#.**..,*,,*,****,,,,,*
#.*,****,#,*..,,,,**,,,,*,,,,,*
*,*,******,###******,,*,*,,,,,**
*,*,,,,,,,,,,,,,,,,,,,*,,,*,,,,*


You could see an iguana (unable to see you), a hound, a gnoll (unable to see
you) and an orc (unable to see you).

Vanquished Creatures
  An ice beast (D:5)
  A black bear (D:5)
  A sky beast (D:3)
  2 ogres
  2 phantoms
  A scorpion (D:5)
  A jelly (D:5)
  A howler monkey (D:5)
  A hound (D:4)
  A bombardier beetle (D:5)
  An orc priest (D:5)
  Natasha (thrice) (D:2)
  Ijyb (D:3)
  2 iguanas
  An orc wizard (D:5)
  3 adders
  3 ufetubi (D:5)
  2 ribbon worms
  4 dart slugs
  10 orcs
  4 ball pythons
  5 bats
  6 endoplasms
  4 goblins
  5 hobgoblins
  4 jackals (D:1)
  6 kobolds
  5 quokkas
  4 frilled lizards
  6 rats
91 creatures vanquished.

Notes
Turn   | Place    | Note
-------+----------+-------------------------------------------
     0 | D:1      | TacoSundae the Gnoll Shapeshifter began the quest for the
                  | Orb.
     0 | D:1      | Reached XP level 1. HP: 17/17 MP: 1/1
   121 | D:1      | Reached XP level 2. HP: 20/23 MP: 2/2
   363 | D:1      | Found a faded altar of an unknown god.
   673 | D:1      | Reached XP level 3. HP: 28/28 MP: 3/3
   872 | D:2      | Reached skill level 1 in Invocations
   921 | D:2      | Noticed Natasha
   924 | D:2      | Killed Natasha
   925 | D:2      | Reached skill level 1 in Short Blades
   925 | D:2      | Reached skill level 1 in Long Blades
   925 | D:2      | Reached skill level 1 in Axes
   925 | D:2      | Reached skill level 1 in Maces & Flails
   925 | D:2      | Reached skill level 1 in Polearms
   925 | D:2      | Reached skill level 1 in Staves
   925 | D:2      | Reached skill level 1 in Ranged Weapons
   925 | D:2      | Reached skill level 1 in Throwing
   925 | D:2      | Reached skill level 1 in Armour
   925 | D:2      | Reached skill level 1 in Stealth
   925 | D:2      | Reached skill level 1 in Shields
   925 | D:2      | Reached skill level 1 in Spellcasting
   925 | D:2      | Reached skill level 1 in Evocations
   925 | D:2      | Reached XP level 4. HP: 31/34 MP: 5/5
   962 | D:2      | Noticed Natasha
   966 | D:2      | Killed Natasha
   967 | D:2      | Reached skill level 1 in Conjurations
   967 | D:2      | Reached skill level 1 in Hexes
   967 | D:2      | Reached skill level 1 in Summonings
   967 | D:2      | Reached skill level 1 in Necromancy
   967 | D:2      | Reached skill level 1 in Translocations
   967 | D:2      | Reached skill level 1 in Fire Magic
   967 | D:2      | Reached skill level 1 in Ice Magic
   967 | D:2      | Reached skill level 1 in Air Magic
   967 | D:2      | Reached skill level 1 in Earth Magic
   967 | D:2      | Reached skill level 1 in Alchemy
  1575 | D:2      | Noticed Natasha
  1581 | D:2      | Killed Natasha
  1582 | D:2      | Reached XP level 5. HP: 40/40 MP: 5/7
  1697 | D:3      | Noticed a sky beast
  1708 | D:3      | Killed a sky beast
  1859 | D:3      | Reached XP level 6. HP: 47/47 MP: 8/8
  1926 | D:3      | Found Diocs's Armour Shoppe.
  2124 | D:3      | Noticed Ijyb
  2135 | D:3      | Killed Ijyb
  2136 | D:3      | Reached skill level 5 in Dodging
  2628 | D:4      | Found a transporter.
  2633 | D:4      | Noticed Consumeair16's ghost (amateur GnWn)
  2635 | D:4      | Identified the +4 dire flail of Rulueq {freeze, rC+ rN+}
  3239 | D:4      | Reached XP level 7. HP: 36/52 MP: 10/10
  3429 | D:5      | Entered Level 5 of the Dungeon
  4047 | D:5      | Reached XP level 8. HP: 55/60 MP: 12/12
  4073 | D:5      | HP: 3/60 [hound (1)]
  4073 | D:5      | Slain by a hound

Illustrated notes

Levels and vault maps discovered:
D:1:      dpeg_arrival_rooms_b, layout_basic,
          shapermc_ecumenical_altar_totnotflames, minmay_split_cup_small
D:2:      layout_loops_corners, uniq_natasha
D:3:      layout_basic, serial_shops, nicolae_shop_waterfront, uniq_ijyb
D:4:      layout_basic, gammafunk_ghost_smash
D:5:      layout_basic, grunt_ministairs_6, minmay_pentangle

Skill      XL: |  1  2  3  4  5  6  7 |
---------------+----------------------+-----
Invocations    | 1 2 3 |  3.6
Short Blades   | 1 2 3 |  3.3
Long Blades    | 1 2 3 |  3.3
Axes           | 1 2 3 |  3.3
Maces & Flails | 1 2 3 |  3.3
Polearms       | 1 2 3 |  3.3
Staves         | 1 2 3 |  3.3
Ranged Weapons | 1 2 3 |  3.3
Throwing       | 1 2 3 |  3.3
Armour         | 1 2 3 |  3.3
Stealth        | 1 2 3 |  3.3
Shields        | 1 2 3 |  3.3
Spellcasting   | 1 2 3 |  3.3
Evocations     | 1 2 3 |  3.3
Conjurations   | 1 2 |  2.7
Hexes          | 1 2 |  2.7
Summonings     | 1 2 |  2.7
Necromancy     | 1 2 |  2.7
Translocations | 1 2 |  2.7
Fire Magic     | 1 2 |  2.7
Ice Magic      | 1 2 |  2.7
Air Magic      | 1 2 |  2.7
Earth Magic    | 1 2 |  2.7
Alchemy        | 1 2 |  2.7
Fighting       | 3 4 |  4.2
Dodging        | 5 |  5.7
Unarmed Combat | 7 |  7.4
Shapeshifting  | 7 |  7.2

Action                     |  1- 3 |  4- 6 |  7- 9 || total
---------------------------+-------+-------+-------++-------
  Melee: Unarmed           |    40 |   118 |    34 ||   192
         Bite              |     3 |     9 |     7 ||    19
         Punch             |       |     3 |     3 ||     6
         Spear             |       |       |    48 ||    48
  Throw: Dart              |     3 |    10 |       ||    13
    Use: Potion            |       |     1 |     2 ||     3
         Scroll            |       |       |    13 ||    13
 Armour: Animal skin       |     7 |       |       ||     7
         Ring mail         |    10 |    52 |    57 ||   119
         Skin              |       |     2 |       ||     2
  Dodge: Dodged            |    12 |    44 |    64 ||   120
